 Dungeon Crawl Stone Soup version 0.31.0-1-g2c135a008e (webtiles) character file.

Game seed: 15512201751653980552

643 qw the Shooter (level 7, 0/52 HPs)
             Began as a Djinni Hunter on Jan 23, 2024.
             Slain by an orc
             ... wielding a +0 flail
              (4 damage)
             ... on level 5 of the Dungeon.
             The game lasted 00:00:14 (2996 turns).

qw the Shooter (Djinni Hunter)                      Turns: 2996, Time: 00:00:15

Health: 0/52       AC:  3    Str: 10    XL:     7   Next: 81%
Gold:   43         EV: 13    Int: 11    God:
                   SH:  0    Dex: 18

rFire   + + .        a - +0 shortbow
rCold   x . .        (shield currently unavailable)
rNeg    . . .        c - +0 leather armour
rPois   inf          (no helmet)
rElec   .            (no cloak)
rCorr   .            (no gloves)
SInv    .            (boots unavailable)
Will    .....        (no amulet)
Stlth   ++           (no ring)
HPRegen 0.28/turn    (no ring)
MPRegen 0.00/turn

%: infuse magic (-1 HP)
@: flying
A: sickness immunity, fire resistance 2, cold vulnerability 1, float, innate
caster, HP casting, extra vitality 1
a: no special abilities


You were on level 5 of the Dungeon.
You visited 1 branch of the dungeon, and saw 5 of its levels.

You collected 178 gold pieces.
You spent 135 gold pieces at shops.


Innate Abilities, Weirdness & Mutations

You are immune to sickness and miasma.
You are immune to poison.
Your flesh is very heat resistant. (rF++)
You are vulnerable to cold. (rC-)
You float through the air rather than walking.
You learn spells naturally, not from books.
Your magical power is your life essence.
You have superior vitality. (+4 MHP)


   Skills:
 - Level 4.0 Fighting
 + Level 6.1 Ranged Weapons
 - Level 4.3 Dodging
 - Level 0.7 Stealth


You knew the following spells:

 Your Spells              Type           Power      Damage    Failure   Level
a - Foxfire               Conj/Fire      0%         2x1d4     43%         1
b - Mercury Vapours       Alch/Air       0%         N/A       58%         2
c - Passwall              Erth           0%         N/A       82%         3
Your spell library was empty.

Inventory:

Hand Weapons
 a - a +0 shortbow (weapon)
Armour
 c - a +0 leather armour (worn)
 g - a +0 pair of gloves
Wands
 b - a wand of iceblast (15)
 d - a wand of charming (9)
Scrolls
 i - a scroll of enchant armour
Potions
 e - a potion of heal wounds {unknown}
 f - a potion of magic {unknown}

Dungeon Overview and Level Annotations

Branches:
Dungeon (5/15)
 Temple: D:4-7

Altars:

Shops:
D:4 *


Message History

The scorpion is almost dead.
The scorpion stings you. The scorpion barely misses you.
You shoot an arrow. The arrow barely misses the scorpion.
The arrow barely misses the orc.
The arrow hits the orc but does no damage.
You hear a shout!
An orc comes into view. It is wielding a +0 flail.
The scorpion barely misses you.
You shoot an arrow. The orc priest shouts!
The arrow hits the scorpion but does no damage.
The scorpion is almost dead.
You hear a shout!
The scorpion closely misses you.
Enter note:
2992 ||| RETREEEEATING.
The scorpion barely misses you.
You shoot an arrow.
The arrow hits the scorpion but does no damage.
The scorpion is almost dead.
The orc barely misses you. The scorpion completely misses you.
The orc hits you with a +0 flail.
The orc priest begins to cast a cantrip, but forgets the words!
An orc comes into view. It is wielding a +1 mace of protection.
Enter note: You shoot an arrow.
The arrow hits the scorpion.
You kill the scorpion!
The orc closely misses you.
The orc wizard hits you with a +2 vampiric dagger.
Your Ranged Weapons skill increases to level 6!
You shoot an arrow.
The arrow hits the orc wizard but does no damage.
The orc barely misses you. The orc hits you with a +0 flail.
The orc wizard mumbles some strange words.
The orc wizard flickers and vanishes!
Deactivating autopickup; reactivate with Ctrl-A.
You shoot an arrow. The arrow completely misses the orc.
The arrow barely misses the orc.
The orc barely misses you. The orc hits you with a +0 flail.
You die...

.......#.#.#.#.......#
#.#'##.#.#.#.#.......#
###.##.#...#.#.......#
.....#.#...#.#..)....#
.###...%.#...#.......#
#....#.#.###.......#
#..###.............#
#..#.....###.#########
#..#.......#o{@oo.....
#..#####....oo##......
.... #.#.##.## .....
##.## .~7~..o.# ....
...~...o...o....
................
.........~......
.........~~....
.........o....#


You could see 2 orc priests and 5 orcs.

Vanquished Creatures
  Sigmund (D:3)
  A centaur (D:3)
  2 scorpions (D:5)
  2 hounds
  Jessica (D:3)
  6 gnolls
  5 adders
  2 ufetubi (D:5)
  6 dart slugs
  3 ribbon worms
  An orc (D:3)
  13 ball pythons
  6 endoplasms
  4 giant cockroaches
  5 goblins
  6 hobgoblins
  7 jackals (D:1)
  4 kobolds
  3 quokkas
  5 bats
  7 frilled lizards
  3 rats (D:1)
93 creatures vanquished.

Vanquished Creatures (others)
  3 orcs
  A ball python (D:3)
4 creatures vanquished.

Grand Total: 97 creatures vanquished

Notes
Turn   | Place    | Note
-------+----------+-------------------------------------------
     0 | D:1      | qw the Djinni Hunter began the quest for the Orb.
     0 | D:1      | Reached XP level 1. HP: 18/18 MP: 0/0
     0 | D:1      | 0 ||| qw: Version: 0.3-a-134-g2ba4250
     0 | D:1      | 0 ||| qw: Game counter: 698
     0 | D:1      | 0 ||| qw: Melee chars always use a shield: true
     0 | D:1      | 0 ||| qw: God list: Okawaru
     0 | D:1      | 0 ||| qw: Allow faded altars: false
     0 | D:1      | 0 ||| qw: Do Orc after clearing Dungeon:15 true
     0 | D:1      | 0 ||| qw: Do second Lair branch before Depths: true
     0 | D:1      | 0 ||| qw: Lair rune preference: random
     0 | D:1      | 0 ||| qw: Goals: Normal
     0 | D:1      | 0 ||| PLANNING D:1-11
    37 | D:1      | Reached XP level 2. HP: 22/23 MP: 0/0
   144 | D:1      | Reached skill level 4 in Ranged Weapons
   144 | D:1      | Reached XP level 3. HP: 28/28 MP: 0/0
   144 | D:1      | Learned a level 1 spell: Foxfire
   376 | D:1      | Reached XP level 4. HP: 27/34 MP: 0/0
   676 | D:1      | 676 ||| READING 2 scrolls labelled KAVABA UGIW.
   677 | D:1      | 677 ||| READING scroll labelled YTRUES ASCH.
   677 | D:1      | 677 ||| IDENTIFYING murky black potion
   678 | D:1      | 678 ||| DROPPING scroll of butterflies.
   679 | D:1      | 679 ||| DROPPING scroll of immolation.
   680 | D:1      | 680 ||| DROPPING potion of degeneration.
   823 | D:2      | Reached skill level 3 in Fighting
  1102 | D:2      | 1102 ||| READING 2 scrolls of identify.
  1102 | D:2      | 1102 ||| IDENTIFYING pink potion
  1103 | D:2      | 1103 ||| READING scroll of identify.
  1103 | D:2      | 1103 ||| IDENTIFYING 2 clear potions
  1104 | D:2      | 1104 ||| READING scroll labelled OFFUMNESAE.
  1104 | D:2      | 1104 ||| ENCHANTING +0 shortbow.
  1105 | D:2      | 1105 ||| READING scroll labelled XUAGAE UMEO.
  1206 | D:2      | 1206 ||| DROPPING 2 potions of invisibility.
  1207 | D:2      | 1207 ||| DROPPING potion of brilliance.
  1217 | D:3      | Noticed a centaur
  1218 | D:3      | 1218 ||| ZAPPING wand of iceblast (11) at -3,-5 (centaur;
                  | floor).
  1219 | D:3      | 1219 ||| ZAPPING wand of iceblast (10) at -4,-4 (floor).
  1219 | D:3      | Killed a centaur
  1220 | D:3      | Reached XP level 5. HP: 40/40 MP: 0/0
  1220 | D:3      | Learned a level 2 spell: Mercury Vapours
  1232 | D:3      | 1232 ||| FLEEEEING.
  1317 | D:3      | Noticed Jessica
  1319 | D:3      | Killed Jessica
  1320 | D:3      | Reached XP level 6. HP: 39/46 MP: 0/0
  1322 | D:3      | 1322 ||| FLEEEEING.
  1323 | D:3      | 1323 ||| FLEEEEING.
  1324 | D:3      | 1324 ||| FLEEEEING.
  1325 | D:3      | 1325 ||| FLEEEEING.
  1326 | D:3      | 1326 ||| FLEEEEING.
  1376 | D:3      | Noticed Sigmund
  1386 | D:3      | 1386 ||| ZAPPING wand of iceblast (9) at -2,0 (Sigmund;
                  | floor).
  1386 | D:3      | Killed Sigmund
  1387 | D:3      | Reached skill level 5 in Ranged Weapons
  1387 | D:3      | Reached XP level 7. HP: 21/50 MP: 0/0
  1387 | D:3      | Learned a level 3 spell: Passwall
  1388 | D:3      | 1388 ||| FLEEEEING.
  1389 | D:3      | 1389 ||| FLEEEEING.
  1390 | D:3      | 1390 ||| FLEEEEING.
  1395 | D:3      | 1395 ||| FLEEEEING.
  1434 | D:3      | 1434 ||| STAIRDANCE
  1909 | D:3      | 1909 ||| READING scroll of identify.
  1909 | D:3      | 1909 ||| IDENTIFYING glowing golden potion
  1910 | D:3      | 1910 ||| READING scroll labelled ZIHYNT SUOG.
  1913 | D:3      | 1913 ||| DROPPING potion of ambrosia.
  1925 | D:4      | 1925 ||| STAIRDANCE
  1938 | D:4      | HP: 9/50 [adder (4)]
  1944 | D:4      | HP: 7/52 [frozen (1)]
  2068 | D:4      | 2068 ||| STAIRDANCE
  2109 | D:4      | 2109 ||| STAIRDANCE
  2152 | D:4      | 2152 ||| STAIRDANCE
  2197 | D:4      | 2197 ||| STAIRDANCE
  2246 | D:4      | 2246 ||| STAIRDANCE
  2403 | D:4      | Found Veofurep's Assorted Antiques.
  2412 | D:4      | 2412 ||| BUYING blackened ivory wand (92 gold).
  2412 | D:4      | Bought a blackened ivory wand for 92 gold pieces
  2412 | D:4      | 2412 ||| BUYING bubbling blue potion (20 gold).
  2412 | D:4      | Bought a bubbling blue potion for 20 gold pieces
  2412 | D:4      | 2412 ||| BUYING scroll labelled KIAW LUIGG (23 gold).
  2412 | D:4      | Bought a scroll labelled KIAW LUIGG for 23 gold pieces
  2699 | D:4      | 2699 ||| DROPPING +6 ring of intelligence.
  2700 | D:4      | 2700 ||| READING scroll labelled KIAW LUIGG.
  2822 | D:5      | Entered Level 5 of the Dungeon
  2987 | D:5      | 2987 ||| RETREEEEATING.
  2988 | D:5      | 2988 ||| RETREEEEATING.
  2989 | D:5      | HP: 12/52 [scorpion (5)]
  2992 | D:5      | 2992 ||| RETREEEEATING.
  2994 | D:5      | HP: 8/52 [orc wizard/+2 vampiric dagger (3)]
  2995 | D:5      | Reached skill level 6 in Ranged Weapons
  2996 | D:5      | Slain by an orc

Levels and vault maps discovered:
D:1:      dpeg_arrival_shelter, layout_loops_ring, minmay_misc_feat_encased
D:2:      layout_basic, dk_noncrumbling_3, dk_noncrumbling_2
D:3:      layout_rooms, fiery_altar_vehumet, uniq_sigmund, uniq_jessica
D:4:      layout_cave_pools, serial_library_hellmonk_double_dead_end,
          minmay_shop_grid_forest, chequers_serial_rivers_room_a
D:5:      layout_basic, mainiacjoe_overflow_alcove_3, temple_hall,
          kennysheep_decorative_pillar

Skill      XL: |  1  2  3  4  5  6  7 |
---------------+----------------------+-----
Ranged Weapons | 4 5 6 |  6.1
Fighting       | 3 4 |  4.0
Dodging        | 4 |  4.3
Stealth        | |  0.7

Action                     |  1- 3 |  4- 6 |  7- 9 || total
---------------------------+-------+-------+-------++-------
   Fire: Shortbow          |    85 |    79 |   149 ||   313
  Evoke: Wand              |       |     3 |       ||     3
    Use: Scroll            |       |     6 |     3 ||     9
 Armour: Leather armour    |    25 |    19 |    83 ||   127
  Dodge: Dodged            |    35 |    24 |   113 ||   172

Table legend:
 A = Non-vault XP
 B = Vault XP
 C = Vault XP percentage of total XP
 D = Non-vault monster count
 E = Vault monster count
 F = Vault count percentage of total count
                 A         B        C        D         E       F
            +---------+---------+-------+---------+---------+-------
      Total |     672 |     247 |  26.9 |      92 |       2 |   2.1
            +---------+---------+-------+---------+---------+-------
        D:1 |      79 |       0 |   0.0 |      35 |       0 |   0.0
        D:2 |      32 |       0 |   0.0 |      18 |       0 |   0.0
        D:3 |     280 |     247 |  46.9 |      24 |       2 |   7.7
        D:4 |      89 |       0 |   0.0 |      10 |       0 |   0.0
        D:5 |     192 |       0 |   0.0 |       5 |       0 |   0.0
            +---------+---------+-------+---------+---------+-------
